 Dungeon Crawl Stone Soup version 0.17-a0-1554-g3b847ca (webtiles) character file.

134 mrath the Digger (level 5, 0/28 HPs)
             Began as a Gargoyle Earth Elementalist on July 19, 2015.
             Killed from afar by an orc wizard (10 damage)
             ... with a magic dart
             ... on level 4 of the Dungeon.
             The game lasted 00:29:23 (3517 turns).

mrath the Digger (Gargoyle Earth Elementalist)      Turns: 3517, Time: 00:29:23

Health: 0/28       AC:  7    Str: 12    XL:     5   Next: 17%
Magic:  8/11       EV: 12    Int: 19    God:
Gold:   109        SH:  0    Dex: 10    Spells: 3 memorised, 6 levels left

rFire  x . .     SeeInvis .     a - 74 stones
rCold  + . .     Clarity  .     b - +0 robe
rNeg   + . .     SustAt   .     (no shield)
rPois  ∞         Gourm    .     (no helmet)
rElec  +         Spirit   .     (no cloak)
rCorr  .         Warding  .     m - +0 pair of gloves
rMut   .         Stasis   .     (no boots)
MR     .....                    (no amulet)
Stlth  ++........               s - ring of ice
                                v - +3 ring of intelligence

@: not resistant to hostile enchantments, unstealthy
A: negative energy resistance 1, electricity resistance, unbreathing,
petrification resistance, rot immunity, AC +4
a: no special abilities


You were on level 4 of the Dungeon.
You were not hungry.

You visited 1 branch of the dungeon, and saw 4 of its levels.

You collected 109 gold pieces.

Inventory:

Hand weapons
 e - a +0 spear
Missiles
 a - 74 stones (in hand)
 j - 15 arrows
Armour
 b - a +0 robe (worn)
 m - a +0 pair of gloves (worn)
Jewellery
 h - an uncursed ring of fire
 n - a +3 ring of strength
 s - a ring of ice (right hand)
 v - a +3 ring of intelligence (left hand)
Scrolls
 d - a scroll of identify
 k - 4 scrolls of remove curse
 l - a scroll of fear {unknown}
 q - a scroll of fog {unknown}
 r - a scroll of magic mapping {unknown}
 t - 2 scrolls of teleportation {unknown}
 y - a scroll of amnesia {unknown}
 z - a scroll of noise {unknown}
Potions
 f - a potion of brilliance {unknown}
 i - a potion of agility {unknown}
 u - a potion of ambrosia {unknown}
 w - a potion of degeneration {unknown}
 x - a potion of heal wounds
Books
 c - a book of Geomancy

   Spells                             Type                      Level
   a - Sandblast                      Earth                        1
   b - Stoneskin                      Transmutation/Earth          2
   c - Passwall                       Transmutation/Earth          3
   d - Stone Arrow                    Conjuration/Earth            3
   e - Petrify                        Transmutation/Earth          4
   f - Lee's Rapid Deconstruction     Earth                        5
Comestibles
 g - a meat ration
 o - a bread ration
 p - 10 chunks of flesh


   Skills:
 - Level 1.5 Dodging
 - Level 2.1 Stealth
 * Level 4.1 Spellcasting
 - Level 0.7 Transmutations
 + Level 4.8 Earth Magic


You had 6 spell levels left.
You knew the following spells:

 Your Spells              Type           Power        Failure   Level  Hunger
a - Sandblast             Erth           ###...       1%          1    None
b - Stoneskin             Trmt/Erth      ##......     10%         2    ##.....
c - Stone Arrow           Conj/Erth      ##....       17%         3    ###....


Dungeon Overview and Level Annotations

Branches:
Dungeon (4/15)
 Temple: D:4-7

Altars:

Shops:
D:4 %


Innate Abilities, Weirdness & Mutations

You are resistant to torment.
Your stone body is resilient (AC +4).
You are immune to poison.
You resist negative energy.
You are resistant to electric shocks.
You can survive without breathing.
You are immune to petrification.
You are immune to rotting.


Message History

The orc wizard blinks!
Sorry, you're not good enough to have a special ability.
Casting: Sandblast
Confirm with . or Enter, or press ? or * to list all spells.
You don't know that spell.
Sorry, you're not good enough to have a special ability.
Unknown command.
Casting: Sandblast
Confirm with . or Enter, or press ? or * to list all spells.
Aiming: Sandblast
Press: ? - help, Shift-Dir - straight line, f/p - orc wizard
Aim: an orc wizard, wielding a dagger and wearing a runed robe (moderately wounded, fast)
The rocky blast hits the orc wizard.
The orc wizard is severely wounded.
The orc wizard hits you with a dagger.
The orc wizard gestures wildly while chanting.
The orc wizard blinks!
The orc wizard points at you and mumbles some strange words.
The magic dart hits you!
You die...

#...##§.o.....#
#...###o###..##
#...##.o###..##
#....+....#...#
#...##....+...#
#...##.§.##...#
#...##.o.##...#
#...>'....o...#
#....#.@..#...#
#...##...##...#
#+#####+###...#
#........#....#
#........'....#
#........#....#
#........#....#
#...##...#....#
#...##...#....#


You could see an orc priest, 2 orc wizards and an orc.

Vanquished Creatures
  An orc priest (D:4)
  3 adders (D:2)
  An ooze (D:2)
  2 worms (D:3)
  5 giant geckos
  2 orcs (D:4)
  11 bats
  6 giant cockroaches
  11 goblins
  3 hobgoblins
  2 jackals (D:4)
  A quokka (D:2)
  2 giant newts (D:1)
  8 kobolds
  8 rats
66 creatures vanquished.

Notes
Turn   | Place    | Note
--------------------------------------------------------------
     0 | D:1      | mrath the Gargoyle Earth Elementalist began the quest for the Orb.
     0 | D:1      | Reached XP level 1. HP: 10/10 MP: 3/3
   336 | D:1      | Reached XP level 2. HP: 15/15 MP: 3/5
  1010 | D:1      | Reached skill level 4 in Earth Magic
  1526 | D:2      | Reached XP level 3. HP: 17/19 MP: 7/7
  2170 | D:2      | Reached XP level 4. HP: 24/24 MP: 6/9
  2626 | D:2      | Learned a level 2 spell: Stoneskin
  2630 | D:2      | Learned a level 3 spell: Stone Arrow
  3370 | D:4      | Reached XP level 5. HP: 28/28 MP: 2/11
  3488 | D:4      | Found Peullops's Food Boutique.
  3517 | D:4      | Killed from afar by an orc wizard

Vault maps used:
D:1:      saegor_arrival_simple_c, st_stairs_10
D:3:      kennysheep_decorative_pillar
D:4:      grunt_temple_overflow_diamond, grunt_gozag_breadcrumbs,
          minmay_temple_entry_overgrown, serial_shops, shop, first_bread,
          nrook_mini_vaults

Action                   |  1- 3 |  4- 6 || total
-------------------------+-------+-------++-------
Melee: Spear             |    91 |    60 ||   151
 Cast: Sandblast         |    43 |    33 ||    76
  Use: Scroll            |       |     4 ||     4
 Stab: Sleeping          |     2 |     1 ||     3
       Distracted        |     1 |       ||     1
  Eat: Bread ration      |     1 |       ||     1
       Chunk             |       |     4 ||     4
